 Dungeon Crawl Stone Soup version 0.31-a0-963-ga325b2283a (webtiles) character file.

Game seed: 18032835514402389570

28 Forgeling the Grave Robber (level 3, -2/26 HPs)
             Began as a Ghoul Wanderer on Oct 25, 2023.
             Killed by divine providence
             ... invoked by an orc priest
              (11 damage)
             ... on level 2 of the Dungeon.
             The game lasted 00:02:46 (1164 turns).

Forgeling the Grave Robber (Ghoul Wanderer)         Turns: 1164, Time: 00:02:46

Health: -2/26      AC:  4    Str: 15    XL:     3   Next: 14%
Magic:  3/3        EV: 11    Int: 12    God:
Gold:   64         SH:  0    Dex:  5    Spells: 3/4 levels left

rFire   . .          .
                       - Unarmed
rCold   + . .        (no shield)
rNeg    + + +        e - +0 leather armour
rPois   ∞            (no helmet)
rElec   .            d - +0 cloak
rCorr   .            (no gloves)
SInv    .            (no boots)
Will    .....        (no amulet)
Stlth   +            (no ring)
HPRegen 0.00/turn    (no ring)
MPRegen 0.08/turn

%: no passive effects
@: brilliant, inhibited regen, invisible
A: claws 1, cold resistance 1, negative energy resistance 3, inhibited
regeneration, torment resistance 2, devour on kill
a: no special abilities


You were on level 2 of the Dungeon.
You visited 1 branch of the dungeon, and saw 2 of its levels.

You collected 64 gold pieces.

Inventory:

Hand Weapons
 a - a +0 sling
Armour
 d - a +0 cloak (worn)
 e - a +0 leather armour (worn)
Scrolls
 c - a scroll of enchant armour {unknown}
 f - a scroll of teleportation {unknown}
 g - a scroll of torment {unknown}
 h - a scroll of immolation {unknown}
 Z - a scroll of identify {@r1}
Potions
 U - a potion of mutation


   Skills:
 - Level 1.3 Ranged Weapons
 - Level 1.0 Throwing
 - Level 1.0 Dodging
 - Level 2.1 Stealth
 + Level 2.2 Unarmed Combat
 - Level 1.0 Spellcasting
 - Level 3.0 Necromancy
 - Level 1.5 Fire Magic


You had 3 spell levels left.
You knew the following spells:

 Your Spells              Type           Power      Damage    Failure   Level
a - Necrotise             Necr           44%        1d6       11%         1

Your spell library contained the following spells:

 Spells                   Type           Power      Damage    Failure   Level
 Kiss of Death            Conj/Necr      24%        2d7       21%         1
 Foxfire                  Conj/Fire      12%        2x1d4     26%         1
 Volatile Blastmotes      Fire/Tloc      6%         2d10      63%         3
 Anguish                  Hex/Necr       3%         N/A       89%         4


Dungeon Overview and Level Annotations

Branches:
Dungeon (2/15)

Altars:


Innate Abilities, Weirdness & Mutations

You are immune to poison.
You have sharp fingernails.
Your flesh is cold resistant. (rC+)
You are immune to negative energy. (rN+++)
You do not regenerate when monsters are visible.
You are immune to unholy pain and torment.
You thrive by killing the living.


Message History

You miss the adder.
The adder is heavily wounded.
The adder bites you.
You barely miss the adder.
The adder is heavily wounded.
The orc priest looks braver for a moment.
You closely miss the adder.
The adder is heavily wounded.
You barely miss the adder.
The adder is heavily wounded.
You scratch the orc priest.
The orc priest is moderately wounded.
The orc priest hits you with a +0 club. The adder bites you.
You closely miss the orc priest.
The orc priest is moderately wounded.
The orc priest hits you with a +0 club.
* * * LOW HITPOINT WARNING * * *
You scratch the orc priest.
The orc priest is heavily wounded.
The orc priest invokes the aid of Beogh against you.
Beogh smites you!
* * * LOW HITPOINT WARNING * * *
You feel better. The orc priest hits you with a +0 club.
* * * LOW HITPOINT WARNING * * *
It was a potion of brilliance.
You feel clever all of a sudden.
It was a potion of invisibility.
You fade into invisibility!
You scratch the orc priest but do no damage.
The orc priest is heavily wounded.
You catch the helpless orc priest completely off-guard!
You scratch the orc priest but do no damage.
The orc priest is heavily wounded.
You miss the adder.
The adder is lightly wounded.
You barely miss the adder.
The adder is lightly wounded.
The orc priest invokes the aid of Beogh against you.
Beogh smites you!
You die...

#.........S.###
###.........#...##.#..
#...........##........
#.#)........##.###...#
#.....................
......................
#........#..........
..###........#%.o.......
...>.........#@S........
####....<..............
###.†...##..........
#.................
#####.##...#.........
..........######.....
..........##### ...##
...............#.###
..........####..


You could see an orc priest (unable to see you) and an adder (unable to see
you).

Vanquished Creatures
  A dart slug (D:1)
  2 ball pythons (D:1)
  A giant cockroach (D:1)
  2 goblins (D:1)
  5 hobgoblins (D:1)
  A quokka (D:1)
  5 bats (D:1)
  3 frilled lizards
  3 kobolds
  A rat (D:1)
24 creatures vanquished.

Notes
Turn   | Place    | Note
-------+----------+-------------------------------------------
     0 | D:1      | Forgeling the Ghoul Wanderer began the quest for the Orb.
     0 | D:1      | Forgeling set off with the following items: a +0 club, a +0
                  | leather armour, a +0 cloak, a potion of curing {@q1}; and
                  | the following spells available to memorise: Necrotise, Kiss
                  | of Death, Foxfire, Volatile Blastmotes, Anguish.
     0 | D:1      | Reached XP level 1. HP: 14/14 MP: 1/1
     2 | D:1      | Learned a level 1 spell: Necrotise
    63 | D:1      | Reached skill level 1 in Unarmed Combat
   205 | D:1      | Reached XP level 2. HP: 18/20 MP: 2/2
   735 | D:1      | Reached skill level 1 in Ranged Weapons
  1056 | D:2      | Reached XP level 3. HP: 26/26 MP: 3/3
  1157 | D:2      | HP: 1/26 [orc priest/divine providence (12)]
  1164 | D:2      | Killed from afar by an orc priest

Illustrated notes

Levels and vault maps discovered:
D:1:      elethiomel_arrival_quiet, layout_loops_ring
D:2:      layout_rooms, chequers_ecumenical_altar_twisty

Skill      XL: |  1  2 |
---------------+-------+-----
Unarmed Combat | 1 2 |  2.2
Ranged Weapons | 1 |  1.3
Throwing       | |  1.0
Dodging        | |  1.0
Stealth        | |  2.1
Spellcasting   | |  1.0
Necromancy     | |  3.0
Fire Magic     | |  1.5

Action                     || total
---------------------------++-------
  Melee: Unarmed           ||    63
         Club              ||     5
         Punch             ||     1
   Fire: Sling             ||    69
   Cast: Necrotise         ||     2
    Use: Scroll            ||     2
         Potion            ||     3
   Stab: Invisible         ||     1
 Armour: Leather armour    ||    86
  Dodge: Dodged            ||    87

Table legend: (Time is in decaauts)
 A = Elapsed time spent in this place.
 B = Non-inter-level travel time spent in this place.
 C = Inter-level travel time spent in this place.
 D = Time resting spent in this place.
 E = Time spent auto-exploring this place.
 F = Levels seen in this place.
 G = Mean time per level.
                   A        B        C        D        E       F      G
               +--------+--------+--------+--------+--------+-----+--------+
         Total |   1186 |   1127 |     59 |      5 |    849 |   2 |  593.0 |
       Dungeon |   1186 |   1127 |     59 |      5 |    849 |   2 |  593.0 |
               +--------+--------+--------+--------+--------+-----+--------+

Top non-repeatable levels by time:
     D:1: 1086 daAuts
     D:2: 99 daAuts
